Map: Cosmic Sapphire

Players

Rex - Winner!

  • Race: Zerg Zerg
  • Spawn Location: 5:00

NaXin

  • Race: Terran Terran
  • Spawn Location: 11:00

Event: DreamHack SC2 Masters 2022 Atlanta (Online)

VOD

Have the link to the VOD?

Description

Time

  • Played on: Sept. 28, 2022, 8:53 a.m.
  • Length: 10:56

All games in this series

Show
View Real Time Build Order
Export as new Build Order

Rex Zerg - Winner!

Build Orders: Hatch First 

Get SALT Encoding   

  12  0:00  Drone  
  13  0:12  Overlord  
  13  0:17  Drone  
  14  0:30  Drone x2  
  16  0:48  Hatchery  
  15  0:51  Drone  
  15  0:55  Drone  
  17  0:58  Drone  
  18  1:08  Extractor  
  17  1:13  Spawning Pool  
  17  1:16  Drone  
  17  1:19  Drone  
  18  1:28  Drone  
  19  1:39  Drone  
  20  1:49  Drone  
  21  2:00  Queen x2  
  21  2:01  Zergling x4  
  27  2:11  Overlord  
  27  2:13  Drone  
  28  2:21  Hatchery  
  27  2:25  Drone  
  28  2:31  Drone  
  28  2:32  Drone  
  28  2:35  Drone  
  31  2:38  Queen  
  33  2:45  Metabolic Boost  
  33  2:48  Overlord  
  33  2:53  Drone x2  
  35  3:02  Drone  
  35  3:05  Overlord x2  
  36  3:09  Queen  
  38  3:14  Drone x2  
  38  3:18  Drone x2  
  42  3:22  Drone  
  43  3:28  Hatchery  
  43  3:31  Queen  
  43  3:34  Drone x2  
  46  3:38  Drone  
  47  3:47  Queen, Overlord  
  49  3:48  Drone x3  
  49  3:51  Drone  
  53  3:58  Drone  
  54  4:09  Queen  
  54  4:12  Baneling Nest, Extractor  
  54  4:13  Drone x3  
  57  4:19  Drone x4  
  57  4:22  Queen  
  63  4:30  Overlord x3  
  63  4:31  Evolution Chamber  
  63  4:35  Zergling x4  
  64  4:45  Zergling x6  
  67  4:47  Queen  
  67  4:48  Queen  
  67  4:52  Zergling x6  
  74  4:59  Lair  
  74  5:01  Zergling x6  
  77  5:08  Zergling x2  
  77  5:09  Zergling x10  
  83  5:16  Drone  
  83  5:17  Zerg Ground Armor Level 1, Drone  
  83  5:18  Drone x3  
  88  5:21  Drone  
  88  5:25  Drone  
  90  5:32  Overlord x2  
  90  5:33  Overlord  
  90  5:39  Overlord  
  90  5:42  Baneling x7  
  89  5:45  Extractor  
  89  5:46  Baneling  
  89  5:48  Zergling x2  
  89  5:50  Queen, Overlord  
  89  5:51  Overlord  
  89  5:52  Overlord  
  89  5:56  Overlord  
  91  5:58  Overlord  
  91  5:59  Zergling x6  
  91  6:02  Drone  
  91  6:03  Drone  
  94  6:05  Extractor  
  93  6:15  Zergling x2  
  93  6:16  Zergling x12  
  93  6:17  Baneling x2  
  100  6:20  Baneling x7  
  100  6:27  Zergling x10  
  100  6:32  Baneling x4  
  101  6:35  Zergling x4, Drone  
  97  6:43  Drone x4  
  97  6:46  Drone x6  
  106  6:48  Drone  
  107  6:55  Drone  
  107  6:57  Evolution Chamber  
  107  6:59  Zergling x4  
  109  7:07  Hatchery  
  109  7:08  Zergling x4  
  110  7:14  Zergling x10  
  114  7:18  Zergling x2  
  111  7:23  Zerg Ground Armor Level 2  
  111  7:24  Spore Crawler, Zerg Melee Weapons Level 1  
  111  7:25  Spore Crawler, Drone x2  
  111  7:26  Spore Crawler  
  105  7:31  Zergling x2  
  105  7:32  Zergling x6  
  109  7:45  Zergling x12  
  115  7:54  Baneling x5, Centrifugal Hooks  
  115  8:02  Zergling x10  
  119  8:08  Zergling x2  
  118  8:13  Zergling x14  
  118  8:19  Zergling x4  
  127  8:23  Zergling x4, Queen x3  
  127  8:24  Queen  
  137  8:29  Zergling x4  
  139  8:34  Overlord  
  139  8:39  Overlord  
  136  8:43  Zergling x22  
  136  8:44  Overlord  
  147  8:55  Drone x3  
  150  8:59  Spore Crawler x2  
  150  9:01  Zergling x4  
  150  9:05  Infestation Pit  
  150  9:06  Drone x2  
  151  9:16  Zergling x10  
  151  9:17  Zergling x12  
  162  9:28  Zergling x2  
  162  9:29  Zergling x6  
  166  9:36  Zergling x8  
  166  9:37  Hydralisk Den, Hatchery  
  168  9:39  Baneling x6  
  168  9:42  Hatchery  
  167  9:52  Overseer, Pneumatized Carapace  
  164  9:54  Zergling x16  
  172  10:00  Drone x5  
  172  10:01  Drone  
  177  10:13  Zergling x12  
  176  10:17  Zergling x8  
  169  10:26  Zergling x14  
  174  10:31  Zergling x2, Drone  
  169  10:38  Spore Crawler, Drone x7  
  169  10:40  Spore Crawler, Baneling x4  
Show
View Real Time Build Order
Export as new Build Order

NaXin Terran 

Build Orders:  

Get SALT Encoding   

  12  0:00  SCV  
  13  0:12  SCV  
  14  0:17  Supply Depot  
  14  0:24  SCV  
  15  0:38  SCV  
  15  0:39  Barracks  
  16  0:44  Refinery  
  16  0:50  SCV  
  17  0:59  Barracks  
  17  1:03  SCV  
  18  1:15  SCV  
  19  1:27  Reaper, Orbital Command  
  19  1:30  Supply Depot  
  20  1:46  Marine  
  21  1:57  SCV  
  21  1:58  Marine  
  23  2:05  Marine  
  24  2:09  SCV  
  25  2:17  Command Center  
  25  2:19  Marine  
  25  2:21  SCV  
  27  2:28  Bunker  
  27  2:30  Marine  
  27  2:33  SCV  
  29  2:37  Supply Depot  
  29  2:39  Barracks Reactor  
  29  2:45  SCV  
  29  2:49  Barracks Tech Lab  
  30  2:53  Factory  
  30  2:57  SCV  
  31  3:02  Refinery  
  31  3:07  Marine  
  31  3:08  Stimpack  
  31  3:10  SCV  
  33  3:17  Marine x2  
  35  3:23  SCV  
  37  3:31  Orbital Command  
  37  3:35  Marine x2  
  37  3:37  SCV  
  38  3:42  Starport  
  38  3:45  Factory Reactor  
  38  3:46  Marine  
  39  3:50  SCV  
  39  3:53  Marine  
  41  3:58  SCV  
  41  4:02  SCV  
  43  4:04  Marine  
  43  4:06  Marine  
  43  4:09  Supply Depot  
  45  4:10  SCV  
  45  4:11  Marine  
  45  4:14  SCV  
  47  4:22  SCV, Marine  
  49  4:24  Marine  
  49  4:27  Medivac, Factory Reactor  
  49  4:31  Medivac  
  54  4:32  Supply Depot  
  54  4:33  SCV, Marine  
  54  4:34  SCV  
  57  4:39  Barracks  
  57  4:44  Marine  
  57  4:45  SCV  
  59  4:46  SCV  
  59  4:47  Marine  
  59  4:49  Supply Depot, Combat Shield  
  61  4:53  Marine  
  61  4:57  Supply Depot  
  61  4:59  SCV  
  63  5:02  Marine  
  63  5:04  Hellion x2  
  68  5:07  Marine  
  68  5:12  Armory  
  69  5:19  Marine x2  
  71  5:21  SCV  
  71  5:22  Supply Depot, SCV  
  73  5:29  Medivac, Marine  
  73  5:35  Hellion  
  78  5:37  Hellion, Marine  
  78  5:38  Marine  
  78  5:40  Marine  
  83  5:47  Medivac, Marine  
  86  5:51  Supply Depot  
  86  5:57  Marine x2  
  86  5:58  Marine  
  90  6:04  Hellion, Marine  
  91  6:13  Hellion  
  91  6:15  Liberator, Marine x2  
  91  6:16  Marine  
  99  6:22  Supply Depot, Marine  
  93  6:33  Marine x2  
  93  6:34  Marine  
  93  6:35  Hellion  
  83  6:40  Marine  
  83  6:44  Hellion  
  76  6:50  Liberator, Marine  
  76  6:51  Marine  
  81  6:58  SCV  
  81  7:00  Command Center  
  82  7:02  Engineering Bay  
  82  7:03  Engineering Bay  
  82  7:07  Marine  
  85  7:08  Refinery, Widow Mine  
  85  7:10  Widow Mine  
  85  7:12  SCV  
  85  7:13  SCV  
  88  7:17  Marine x2  
  88  7:18  Marine  
  87  7:25  Marine  
  77  7:31  SCV x2, Widow Mine  
  77  7:32  Terran Infantry Weapons Level 1  
  77  7:35  Marine x2  
  77  7:36  Marine  
  84  7:42  Liberator  
  87  7:44  SCV  
  87  7:46  Refinery  
  87  7:47  Marine  
  87  7:48  SCV  
  90  7:53  Terran Infantry Armor Level 1, Marine  
  90  7:55  Supply Depot, Marine x2  
  93  8:05  Marine  
  93  8:11  Marine  
  95  8:13  Orbital Command  
  92  8:21  Hellion x2  
  96  8:28  SCV x2  
  96  8:29  Marine x2  
  96  8:31  Barracks Reactor  
  96  8:33  Barracks  
  100  8:34  Barracks  
  100  8:35  Orbital Command  
  100  8:37  Marine  
  100  8:39  Medivac x2  
  101  8:42  SCV x2  
  101  8:47  Marine x2  
  103  8:50  Widow Mine x2  
  103  8:54  SCV  
  103  8:55  Marine  
  108  8:56  Supply Depot x2  
  110  9:02  SCV  
  110  9:03  SCV  
  110  9:04  Marine  
  110  9:05  Marine  
  110  9:07  SCV  
  114  9:10  Medivac x2  
  114  9:13  Marine  
  114  9:14  SCV  
  120  9:19  Barracks Reactor, SCV  
  120  9:22  SCV  
  120  9:23  Marine x2  
  121  9:25  Barracks Reactor  
  121  9:27  SCV  
  122  9:31  SCV  
  122  9:32  Marine x2  
  122  9:33  Widow Mine x2  
  129  9:42  Marine x2  
  129  9:44  Medivac, Marine  
  129  9:45  Medivac  
  136  9:47  Command Center  
  136  9:49  Marine  
  136  9:50  Marine  
  129  9:54  Widow Mine  
  129  9:55  Factory  
  129  9:57  Refinery, Marine  
  132  10:00  Marine  
  132  10:02  Marauder, Marine x3  
  132  10:03  Widow Mine, Marine  
  132  10:06  Supply Depot  
  141  10:07  Supply Depot  
  141  10:11  Orbital Command  
  139  10:16  Widow Mine  
  139  10:19  Marine  
  139  10:20  Marine  
  112  10:23  Marine  
  109  10:28  Marine  
  109  10:29  Marine  
  109  10:30  Marine x2  
  109  10:32  Marine x2  
  115  10:38  SCV x2  
  115  10:39  SCV  
Tags
 
Add a new tag
Caveats
  • Supply blocks, unpowered buildings, or Contaminate may cause inaccurate times.
  • Supply counts are checked every 10 seconds.